 Dungeon Crawl Stone Soup version 0.31-a0-851-g7ff8af7976 (webtiles) character file.

Game seed: 8889638098982874071

1108 BinkBink the Slasher (level 8, -4/70 HPs)
             Began as a Minotaur Fighter on Oct 6, 2023.
             Was an Initiate of Qazlal.
             Constricted to death by Maggie (5 damage)
             ... on level 6 of the Dungeon.
             The game lasted 00:06:19 (4994 turns).

BinkBink the Slasher (Minotaur Fighter)             Turns: 4994, Time: 00:06:21

Health: -4/70      AC:  8    Str: 29    XL:     8   Next: 11%
Magic:  7/7        EV: 12    Int:  5    God:    Qazlal [......]
Gold:   186        SH: 10    Dex: 10    Spells: 7/7 levels left

rFire   . . .        a - +0 long sword
rCold   . . .        c - +0 buckler
rNeg    . . .        b - +0 scale mail
rPois   .            (helmet restricted)
rElec   .            (no cloak)
rCorr   .            (no gloves)
SInv    .            g - +0 pair of boots
Will    .....        v - amulet of reflection Stlth
                     h - +6 ring of strength
HPRegen 0.31/turn    k - +5 ring of evasion
MPRegen 0.10/turn

%: reflection
@: grasped by roots, mesmerised, constricted
A: horns 2, retaliatory headbutt
a: Renounce Religion


You were on level 6 of the Dungeon.
You worshipped Qazlal.
Qazlal was noncommittal.
You visited 2 branches of the dungeon, and saw 7 of its levels.

You collected 186 gold pieces.

Inventory:

Hand Weapons
 a - a +0 long sword (weapon)
Armour
 b - a +0 scale mail (worn)
 c - a +0 buckler (worn)
 g - a +0 pair of boots (worn)
Jewellery
 h - a +6 ring of strength (left hand)
 j - a +6 ring of intelligence
 k - a +5 ring of evasion (right hand)
 l - a ring of magical power
 v - an amulet of reflection (around neck)
Wands
 z - a wand of flame (25)
Scrolls
 f - 2 scrolls of enchant armour {unknown}
 n - a scroll of torment {unknown}
 p - 6 scrolls of identify {unknown}
 q - a scroll of blinking {unknown}
 s - 2 scrolls of butterflies {unknown}
 t - a scroll of teleportation {unknown}
 u - a scroll of revelation {unknown}
 w - a scroll of vulnerability {unknown}
 y - a scroll of brand weapon {unknown}
 C - a scroll of noise {unknown}
 D - a scroll of fear {unknown}
 E - a scroll of fog {unknown}
Potions
 d - a potion of might
 e - a potion of mutation {unknown}
 i - 2 potions of lignification
 m - a potion of resistance
 o - a potion of brilliance
 r - 3 potions of enlightenment
 x - a potion of attraction {unknown}
 B - a potion of magic {unknown}


   Skills:
 + Level 6.2 Fighting
 * Level 7.6 Long Blades
 + Level 6.2 Armour
 + Level 6.2 Shields


You had 7 spell levels left.
You didn't know any spells.
Your spell library contained the following spells:

 Spells                   Type           Power      Damage    Failure   Level
 Apportation              Tloc           0%         N/A       77%         1
 Necrotise                Necr           0%         1d4       77%         1
 Sandblast                Erth           0%         2d4       77%         1
 Summon Small Mammal      Summ           0%         N/A       77%         1
 Ensorcelled Hibernation  Hex/Ice        0%         N/A       88%         2
 Passwall                 Tmut/Erth      0%         N/A       88%         2
 Frozen Ramparts          Ice            0%         1d1       98%         3
 Stone Arrow              Conj/Erth      0%         3d7       98%         3
 Swiftness                Air            0%         N/A       98%         3
 Brom's Barrelling Bould  Conj/Erth      0%         2d3       100%        4
 Petrify                  Tmut/Erth      0%         N/A       100%        4
 Metabolic Englaciation   Hex/Ice        0%         N/A       100%        5


Dungeon Overview and Level Annotations

Branches:
Dungeon (6/15)             Temple (1/1) D:5

Altars:
Ashenzari
Cheibriados
Dithmenos
Elyvilon
Gozag
Makhleb
Nemelex Xobeh
Okawaru
Qazlal
Ru
Sif Muna
Trog
Uskayaw
Wu Jian
Yredelemnul
Zin
The Shining One

Shops:
D:2 (

Annotations:
D:6 3 runed translucent doors, Maggie; Vontreibholz's ghost, novice HOFi


Innate Abilities, Weirdness & Mutations

You have a pair of horns on your head.
You reflexively headbutt those who attack you in melee.


Message History

Maggie is moderately wounded.
Maggie hits you with a +1 long sword of flaming.
Maggie burns you.
You hit Maggie but do no damage. Your headbutt misses Maggie.
Maggie is moderately wounded.
Maggie zaps a wand.
The roots erupt in riotous growth!
The grasping roots grab you!
Maggie is unaffected.
The grasping roots constrict you.
You hit Maggie.
Maggie is moderately wounded.
Maggie gestures at you while chanting. The bolt of fire hits you!
The grasping roots constrict you!
You are too injured to fight recklessly!
You barely miss Maggie.
Maggie is moderately wounded.
Maggie closely misses you. The grasping roots constrict you.
The grasping roots release their grip on you.
You closely miss Maggie.
Maggie is moderately wounded.
Maggie hits you with a +1 long sword of flaming.
* * * LOW HITPOINT WARNING * * *
Maggie burns you.
* * * LOW HITPOINT WARNING * * *
You hit Maggie.
Maggie is moderately wounded.
Maggie zaps a wand.
The roots erupt in riotous growth!
The grasping roots grab you!
Maggie is unaffected.
The grasping roots constrict you.
* * * LOW HITPOINT WARNING * * *
You hit Maggie but do no damage. Your headbutt misses Maggie.
Maggie is moderately wounded.
You block Maggie's attack. The grasping roots constrict you.
* * * LOW HITPOINT WARNING * * *
You feel better.
Maggie hits you with a +1 long sword of flaming!
* * * LOW HITPOINT WARNING * * *
Maggie burns you.
* * * LOW HITPOINT WARNING * * *
The grasping roots constrict you.
You die...

#..... ####.####
#.#...... #.#....#.
#.##..... #...##.##
#########.#. #####
#....# #.#. #.#@@.#
#.##.# #.#. #.#.#.#
#.##.# ##.#.
#.#.#.####.##.# #....
#.#.#.........# #....
#.#.######.######...#
#.#.# #...........
##.#.# #######.....
#....# #..... #..###
#.....


You could see Maggie (mesmerising).

Vanquished Creatures
  A troll (D:6)
  Edmund (D:4)
  An orc warrior (D:6)
  An ice beast (D:5)
  A centaur (D:5)
  A scorpion (D:5)
  A howler monkey (D:4)
  A jelly (D:5)
  A gnoll bouda (D:6)
  2 orc priests
  An iguana (D:4)
  Ijyb (D:4)
  2 sleepcaps
  An orc wizard (D:6)
  3 gnolls (D:2)
  7 adders
  2 dart slugs
  21 orcs
  6 endoplasms
  2 giant cockroaches
  9 hobgoblins
  3 quokkas
  5 ball pythons
  A bat (D:3)
  2 frilled lizards
  6 goblins
  4 kobolds
  2 rats (D:1)
89 creatures vanquished.

Notes
Turn   | Place    | Note
-------+----------+-------------------------------------------
     0 | D:1      | BinkBink the Minotaur Fighter began the quest for the Orb.
     0 | D:1      | Reached XP level 1. HP: 19/19 MP: 0/0
   231 | D:1      | Reached XP level 2. HP: 27/27 MP: 1/1
   293 | D:1      | Reached skill level 3 in Long Blades
  1011 | D:2      | Identified the +1 robe of Muttered Phrases {SInv}
  1195 | D:2      | Found Ysacreugg's Weapon Shop.
  1206 | D:2      | Reached XP level 3. HP: 27/33 MP: 2/2
  1639 | D:3      | Found a shimmering blue altar of Sif Muna.
  1672 | D:3      | Reached skill level 4 in Long Blades
  1672 | D:3      | Reached XP level 4. HP: 14/41 MP: 3/3
  2026 | D:3      | Reached XP level 5. HP: 44/47 MP: 4/4
  2283 | D:3      | Found an ornate altar of the Wu Jian Council.
  2677 | D:4      | Noticed Edmund
  2717 | D:4      | Killed Edmund
  2718 | D:4      | Reached skill level 5 in Fighting
  2718 | D:4      | Reached skill level 5 in Long Blades
  2718 | D:4      | Reached XP level 6. HP: 47/56 MP: 5/5
  2816 | D:4      | Noticed Ijyb
  2836 | D:4      | Killed Ijyb
  2837 | D:4      | Reached skill level 5 in Shields
  3203 | D:4      | Reached skill level 5 in Armour
  3297 | D:5      | Entered Level 5 of the Dungeon
  3458 | D:5      | Found a staircase to the Ecumenical Temple.
  3503 | Temple   | Entered the Ecumenical Temple
  3523 | Temple   | Became a worshipper of Qazlal Stormbringer
  3607 | D:5      | Noticed an ice beast
  3634 | D:5      | Killed an ice beast
  3635 | D:5      | Reached skill level 6 in Long Blades
  3635 | D:5      | Reached XP level 7. HP: 43/61 MP: 6/6
  4256 | D:6      | Found a basalt altar of Yredelemnul.
  4256 | D:6      | Found a snail-covered altar of Cheibriados.
  4311 | D:6      | Reached skill level 7 in Long Blades
  4442 | D:6      | Found a runed translucent gate.
  4442 | D:6      | Found a runed translucent gate.
  4443 | D:6      | Found a runed translucent gate.
  4447 | D:6      | Noticed Vontreibholz's ghost (novice HOFi)
  4499 | D:6      | Noticed a troll
  4533 | D:6      | Killed a troll
  4534 | D:6      | Reached XP level 8. HP: 28/70 MP: 7/7
  4830 | D:6      | Found a glowing golden altar of the Shining One.
  4961 | D:6      | Noticed Maggie
  4994 | D:6      | HP: 3/70 [Maggie/+1 long sword of flaming (14)]
  4994 | D:6      | HP: 1/70 [Maggie/+1 long sword of flaming (2)]
  4994 | D:6      | Constricted to death by Maggie

Illustrated notes

Levels and vault maps discovered:
D:1:      dpeg_arrival_boxes_within_box, layout_basic, serial_forest,
          infiniplex_forest_lined_3_way, infiniplex_forest_corner_1,
          infiniplex_forest_diagonal, infiniplex_forest_split,
          infiniplex_forest_3_way
D:2:      layout_basic, serial_shops, nicolae_square_shop,
          minmay_misc_feat_more_columns
D:3:      layout_loops_ring, mainiacjoe_overflow_alcove_4,
          nzn_wu_jian_council_hall
D:4:      layout_loops_ring, uniq_ijyb, uniq_edmund
D:5:      layout_rooms, minmay_temple_entry_antechambers,
          hangedman_decor_slide_cut
D:6:      layout_basic, regret_index_temple_of_mockery,
          overflow_temple_1_default, mainiacjoe_overflow_divided_tiny,
          gammafunk_ghost_icy, st_stairs_6, kennysheep_windowed_goal,
          uniq_menkaure, uniq_maggie
Temple:   minmay_temple_bridge_abc

Skill      XL: |  1  2  3  4  5  6  7 |
---------------+----------------------+-----
Long Blades    | 3 4 5 6 7 |  7.6
Fighting       | 4 5 6 |  6.2
Armour         | 4 5 6 |  6.2
Shields        | 4 5 6 |  6.2

Action                     |  1- 3 |  4- 6 |  7- 9 || total
---------------------------+-------+-------+-------++-------
  Melee: Long sword        |   256 |   136 |    96 ||   488
         Headbutt          |    77 |    26 |    18 ||   121
    Use: Potion            |       |       |     8 ||     8
 Armour: Scale mail        |    45 |    63 |    50 ||   158
         Skin              |       |       |    27 ||    27
  Dodge: Dodged            |    24 |    61 |    45 ||   130
  Block: Buckler           |    12 |    45 |    57 ||   114
         Reflection        |       |       |     1 ||     1

Table legend: (Time is in decaauts)
 A = Elapsed time spent in this place.
 B = Non-inter-level travel time spent in this place.
 C = Inter-level travel time spent in this place.
 D = Time resting spent in this place.
 E = Time spent auto-exploring this place.
 F = Levels seen in this place.
 G = Mean time per level.
                   A        B        C        D        E       F      G
               +--------+--------+--------+--------+--------+-----+--------+
         Total |   5093 |   4904 |    189 |     10 |   3871 |   7 |  727.6 |
       Dungeon |   5052 |   4887 |    165 |     10 |   3871 |   6 |  842.0 |
        Temple |     40 |     16 |     24 |      0 |      0 |   1 |   40.0 |
               +--------+--------+--------+--------+--------+-----+--------+

Top non-repeatable levels by time:
     D:1: 1020 daAuts
     D:3: 880 daAuts
     D:6: 857 daAuts
     D:4: 838 daAuts
     D:5: 808 daAuts
     D:2: 647 daAuts
  Temple: 40 daAuts
